[Event "Lilla Elite Hotels Open 2024"]
[Site "Elite Stadshotellet, Kungsgatan 6, Vaxjo, Sweden"]
[Date "2024.02.09"]
[Round "1.1"]
[White "Martin, Leopold"]
[Black "Lyngsjo, Luke"]
[Result "0-1"]
[TimeControl "15 minutes + 5 seconds per move from move one (Round 1 - 4) / 90 minutes + 30 seconds per move from move one (Round 5 - 8)"]
[WhiteFideId "1746308"]
[BlackFideId "1755811"]
[WhiteElo "1282"]
[BlackElo "1587"]

1. e4 e5 2. Nf3 Nf6 3. Nc3 Bb4 4. Bc4 Bxc3 5. bxc3 d6 6. d3 Bg4 7. Bg5 Nbd7 8. d4 h6 9. dxe5 Nxe5 10.
Bxf6 Qxf6 11. Be2 Nxf3+ 12. gxf3 Qxc3+ 13. Kf1 Bh3+ 14. Kg1 Qf6 15. Bf1 Qg5+ 16. Bg2 Qxg2# 0-1

[Event "Lilla Elite Hotels Open 2024"]
[Site "Elite Stadshotellet, Kungsgatan 6, Vaxjo, Sweden"]
[Date "2024.02.09"]
[Round "1.2"]
[White "Johansson, Sigge"]
[Black "Nilsson, Viktor"]
[Result "1-0"]
[TimeControl "15 minutes + 5 seconds per move from move one (Round 1 - 4) / 90 minutes + 30 seconds per move from move one (Round 5 - 8)"]
[WhiteFideId "1742612"]
[BlackFideId "1756460"]
[WhiteElo "1577"]
[BlackElo "1279"]

1. e4 e5 2. Nf3 Nc6 3. Bc4 d6 4. c3 Nce7 5. d4 Be6 6. Bxe6 fxe6 7. dxe5 d5 8. O-O Qd7 9. exd5 Nxd5 10.
c4 Nb4 11. Qxd7+ Kxd7 12. Rd1+ Ke7 13. Nd4 Rd8 14. Bg5+ Nf6 15. exf6+ gxf6 16. Bxf6+ Kxf6 17. Na3 e5 18. Ndc2 Nxc2 19.
Nxc2 Rxd1+ 20. Rxd1 Bc5 21. b4 Bd6 22. c5 Be7 23. Kf1 b6 24. cxb6 axb6 25.
Ne3 Ra8 26. Rd2 Kf7 27. Nd5 Bd6 28. Rc2 Rc8 29. Nxb6 Rb8 30. Nd5 Ke6 31. Nxc7+ Bxc7 32. Rxc7 Rxb4 33. Rxh7 Rb1+ 34. Ke2 Rb2+ 35. Kf3 Rxa2 36.
Rh8 Kf7 37. Rb8 Ra3+ 38. Kg4 Ra4+ 39. Kg3 Ra3+ 40. f3 Kg6 41. Rb4 Kf5 42. Kh4 Rd3 43. g4+ Ke6 44. Rb6+ Kd5 45. Rf6 Rd2 46. h3 Rg2 47. g5 Rf2 48. Kh5 Rf1 49. Kg6 Rh1 50.
Kf7 Rxh3 51. g6 Rh8 52. g7 Ra8 53. g8=Q Rxg8 54. Kxg8 1-0

[Event "Lilla Elite Hotels Open 2024"]
[Site "Elite Stadshotellet, Kungsgatan 6, Vaxjo, Sweden"]
[Date "2024.02.09"]
[Round "2.1"]
[White "Lyngsjo, Luke"]
[Black "Bodin, Bjorn"]
[Result "1-0"]
[TimeControl "15 minutes + 5 seconds per move from move one (Round 1 - 4) / 90 minutes + 30 seconds per move from move one (Round 5 - 8)"]
[WhiteFideId "1755811"]
[BlackFideId "1773747"]
[WhiteElo "1587"]
[BlackElo "1376"]

1. e4 c5 2. Nf3 e6 3. c3 d5 4. exd5 Qxd5 5. Bb5+ Bd7 6. Bxd7+ Nxd7 7. Qe2 Ngf6 8. O-O Be7 9. d4 Nb6 10.
Qb5+ Qd7 11. Qxd7+ Nfxd7 12. Be3 cxd4 13. Bxd4 Bf6 14. Nbd2 O-O 15. Ne4 Bxd4 16. Nxd4 e5 17.
Nf5 Na4 18. Rad1 Ndc5 19. Nxc5 Nxc5 20. Rd5 Na4 21. Rb5 b6 22. Rb4 Nc5 23. Rd1 Rad8 24. Ne7+ Kh8 25. Nd5 Rd7 26. a4 e4 27.
Rbd4 Rfd8 28. Nc7 Rxd4 29. Rxd4 Rxd4 30. cxd4 Nxa4 31. d5 Nc5 32. d6 Kg8 33. b4 Nd7 34. Kf1 Kf8 35. Ke2 f5 36.
Ke3 Ne5 37. Kf4 Nc4 38. Kxf5 Nxd6+ 39. Ke5 Ke7 40. Nd5+ Kd7 41. g4 b5 42. h4 Kc6 43. Ne7+ Kd7 44. Nf5 Kc6 45. Nxd6 a5 46. bxa5 b4 47. Nc4 1-0

[Event "Lilla Elite Hotels Open 2024"]
[Site "Elite Stadshotellet, Kungsgatan 6, Vaxjo, Sweden"]
[Date "2024.02.09"]
[Round "2.2"]
[White "Zandler, Nils"]
[Black "Johansson, Sigge"]
[Result "0-1"]
[TimeControl "15 minutes + 5 seconds per move from move one (Round 1 - 4) / 90 minutes + 30 seconds per move from move one (Round 5 - 8)"]
[WhiteFideId "1781030"]
[BlackFideId "1742612"]
[WhiteElo "1371"]
[BlackElo "1577"]

1. d4 e6 2. Bf4 Nf6 3. Nf3 d5 4.
e3 Bd6 5. Bg3 O-O 6. c3 c5 7. Nbd2 Nc6 8. Bd3 cxd4 9. exd4 Re8 10. Ne5 Qc7 11. Ndf3 Ne4 12. Nxc6 bxc6 13. Qc2 f5 14.
Bxd6 Qxd6 15. Ne5 c5 16. O-O Bb7 17. f3 Nf6 18. Rae1 Rac8 19. Qf2 cxd4 20. cxd4 Ba6 21. Bxa6 Qxa6 22.
a3 Qa4 23. Rc1 Nd7 24. Nxd7 Qxd7 25. Qe3 Kf7 26. b4 Rc4 27. Rxc4 dxc4 28. Rc1 Rc8 29. Rc3 Qd5 30. Qe5 Qxe5 31.
dxe5 f4 32. Kf2 Kg6 33. Ke2 Kf5 34. g3 g5 35. a4 Kxe5 36.
Rc1 Kd4 37. gxf4 gxf4 38. Kd2 Rg8 39. b5 Rg2+ 40. Ke1 Rg1+ 41. Kd2 Rxc1 42. Kxc1 Kc5 43. Kc2 Kb4 44. a5 Kxa5 45. Kc3 Kxb5 0-1

[Event "Lilla Elite Hotels Open 2024"]
[Site "Elite Stadshotellet, Kungsgatan 6, Vaxjo, Sweden"]
[Date "2024.02.09"]
[Round "3.1"]
[White "Kampe, Victor"]
[Black "Lyngsjo, Luke"]
[Result "0-1"]
[TimeControl "15 minutes + 5 seconds per move from move one (Round 1 - 4) / 90 minutes + 30 seconds per move from move one (Round 5 - 8)"]
[WhiteFideId "1769936"]
[BlackFideId "1755811"]
[WhiteElo "1419"]
[BlackElo "1587"]

1. e4 e5 2. Nf3 Nf6 3. Nc3 Bb4 4. d3 Nc6 5. Bd2 d5 6. exd5 Nxd5 7. Nxd5 Bxd2+ 8. Qxd2 Qxd5 9. Be2 O-O 10. O-O Re8 11. a3 Nd4 12.
Nxd4 exd4 13. Bf3 Qb5 14. Qb4 Qxb4 15. axb4 c6 16. Rfe1 Rxe1+ 17. Rxe1 Be6 18. b3 Kf8 19. Kf1 Rd8 20.
Ra1 a6 21. Ra5 Ke7 22. Ke2 h6 23. h3 Bd5 24. Bxd5 Rxd5 25. Rxd5 cxd5 26. Kf3 Kd6 27. Kf4 g6 28. h4 Ke6 29.
g4 f5 30. g5 h5 31. Kg3 Ke5 32. Kf3 f4 33. Ke2 Kf5 34. f3 Ke5 35. Kd2 Kd6 36. Kc1 Kc6 37. Kb2 Kb5 38. Ka3 b6 39. Ka2 Kxb4 40. Kb2 b5 0-1

[Event "Lilla Elite Hotels Open 2024"]
[Site "Elite Stadshotellet, Kungsgatan 6, Vaxjo, Sweden"]
[Date "2024.02.09"]
[Round "3.2"]
[White "Johansson, Sigge"]
[Black "Nordin, Marcus"]
[Result "1-0"]
[TimeControl "15 minutes + 5 seconds per move from move one (Round 1 - 4) / 90 minutes + 30 seconds per move from move one (Round 5 - 8)"]
[WhiteFideId "1742612"]
[BlackFideId "1753444"]
[WhiteElo "1577"]
[BlackElo "1410"]

1. e4 c6 2. Nf3 d5 3. Nc3 dxe4 4. Nxe4 Nf6 5. Nxf6+ exf6 6. Bc4 Bc5 7. O-O O-O 8. d4 Bb6 9.
h3 Be6 10. Bxe6 fxe6 11. Re1 Re8 12. c3 Nd7 13. Bf4 Bc7 14. Bxc7 Qxc7 15. Qb3 Kf7 16. Re2 c5 17. Rae1 c4 18.
Qc2 Qc6 19. Qxh7 Rh8 20. Qe4 Qxe4 21. Rxe4 Rae8 22. Nd2 b5 23. R4e3 Nb6 24. Ne4 Nd5 25. Nd6+ Ke7 26. Rxe6+ Kd7 27.
Nxe8 Nf4 28. R6e4 Nd3 29. R1e2 Rg8 30. Re7+ Kd8 31. Nd6 a6 32. Re8+ Rxe8 33. Nxe8 Nf4 34. Re4 Nh5 35. g4 f5 36. gxf5 Nf6 37. Nxf6 gxf6 38.
h4 1-0

[Event "Lilla Elite Hotels Open 2024"]
[Site "Elite Stadshotellet, Kungsgatan 6, Vaxjo, Sweden"]
[Date "2024.02.09"]
[Round "4.1"]
[White "Lyngsjo, Luke"]
[Black "Madevan Vaishnavi, Yaashvan"]
[Result "1/2-1/2"]
[TimeControl "15 minutes + 5 seconds per move from move one (Round 1 - 4) / 90 minutes + 30 seconds per move from move one (Round 5 - 8)"]
[WhiteFideId "1755811"]
[BlackFideId "1772180"]
[WhiteElo "1587"]
[BlackElo "1461"]

1. e4 c5 2. Nf3 g6 3.
c3 d5 4.
exd5 Qxd5 5. Bb5+ Bd7 6. Bxd7+ Qxd7 7. O-O Bg7 8. d4 cxd4 9. Nxd4 Nf6 10. Qf3 O-O 11. Be3 e5 12. Ne2 Nc6 13.
Nd2 Rfe8 14. Ne4 Nxe4 15. Qxe4 Rad8 16. Qa4 Nd4 17. Qd1 Nxe2+ 18. Qxe2 b6 19. Rad1 Qe7 20. Rxd8 1/2-1/2

[Event "Lilla Elite Hotels Open 2024"]
[Site "Elite Stadshotellet, Kungsgatan 6, Vaxjo, Sweden"]
[Date "2024.02.09"]
[Round "4.2"]
[White "Tengstrand-Nugent, William"]
[Black "Johansson, Sigge"]
[Result "0-1"]
[TimeControl "15 minutes + 5 seconds per move from move one (Round 1 - 4) / 90 minutes + 30 seconds per move from move one (Round 5 - 8)"]
[WhiteFideId "1750399"]
[BlackFideId "1742612"]
[WhiteElo "1395"]
[BlackElo "1577"]

1. e4 c5 2. Nc3 g6 3. d3 Bg7 4.
Bd2 Nc6 5. Be2 Nf6 6. Nf3 O-O 7. O-O d5 8. exd5 Nxd5 9. Rb1 b6 10. Ne4 Bb7 11. c4 Ndb4 12. a3 Nxd3 13. Bc3 Nde5 14.
Qc2 Nd4 15. Nxd4 cxd4 16. Rbd1 Nc6 17. Bf3 Qc7 18. Bd2 Ne5 19. Be2 Qc6 20. f3 Rfd8 21. Bg5 Rd7 22. Nf2 Rc8 23. b3 b5 24.
Rc1 Ba6 25. c5 Rcd8 26. Rfd1 Bb7 27. Rd2 h6 28. Bh4 g5 29. Bg3 g4 30. Ne4 d3 31. Bxd3 Nxd3 32. Rcd1 Ne5 33. Bh4 Rxd2 34.
Rxd2 Rxd2 35. Qxd2 Qd5 36. Bxe7 gxf3 37. Nf2 Qxd2 38. c6 Bxc6 39. h3 Qe1+ 40. Kh2 Qxf2 41. h4 Qxg2# 0-1

[Event "Lilla Elite Hotels Open 2024"]
[Site "Elite Stadshotellet, Kungsgatan 6, Vaxjo, Sweden"]
[Date "2024.02.10"]
[Round "5.2"]
[White "Viswanath, Rishi"]
[Black "Lyngsjo, Luke"]
[Result "1-0"]
[TimeControl "15 minutes + 5 seconds per move from move one (Round 1 - 4) / 90 minutes + 30 seconds per move from move one (Round 5 - 8)"]
[WhiteFideId "1774905"]
[BlackFideId "1755811"]
[WhiteElo "1541"]
[BlackElo "1587"]

1. Nf3 Nf6 2. c4 g6 3. d4 Bg7 4. g3 d6 5. Bg2 O-O 6. O-O Nbd7 7. Nc3 e5 8. e4 exd4 9. Nxd4 Ne5 10.
b3 Bd7 11. h3 Nc6 12. Be3 Nxd4 13. Bxd4 Bc6 14. Qc2 Nd7 15. Be3 f5 16. Rad1 Bxc3 17. Qxc3 fxe4 18. Bh6 Rf7 19. Rfe1 Qf6 20.
Qe3 Re8 21. Bg5 Qf5 22. b4 Ne5 23. g4 Nf3+ 24. Bxf3 Qxf3 25. Qxf3 Rxf3 26. b5 Bd7 27. Re3 Rxe3 28. Bxe3 Re6 29.
Bxa7 Re8 30. b6 c5 31. Rxd6 Bc6 32. Rxc6 1-0

[Event "Lilla Elite Hotels Open 2024"]
[Site "Elite Stadshotellet, Kungsgatan 6, Vaxjo, Sweden"]
[Date "2024.02.10"]
[Round "6.1"]
[White "Viswanath, Rishi"]
[Black "Johansson, Sigge"]
[Result "1-0"]
[TimeControl "15 minutes + 5 seconds per move from move one (Round 1 - 4) / 90 minutes + 30 seconds per move from move one (Round 5 - 8)"]
[WhiteFideId "1774905"]
[BlackFideId "1742612"]
[WhiteElo "1541"]
[BlackElo "1577"]

1. Nf3 Nf6 2. c4 g6 3. d4 Bg7 4. g3 O-O 5. Bg2 d5 6. O-O c6 7. Nc3 Bf5 8. Qb3 Qb6 9. Nh4 Qxb3 10.
axb3 Be6 11. Ra4 Nbd7 12. c5 Ne8 13. Nf3 a6 14. Rb4 Ra7 15. Bf4 Bf5 16. Ra1 f6 17. Nh4 Bc2 18. Bh3 f5 19.
Nf3 h6 20. Ne1 Bxb3 21. Rxb3 Bxd4 22. Bxh6 Rf7 23. Nf3 Bxc5 24. Na4 Bd6 25. Be3 c5 26. Nb6 Nxb6 27. Rxb6 e5 28. Rxd6 Nxd6 29.
Bxc5 Ra8 30. Bxd6 e4 31. Ng5 Rf6 32. Be5 Rc6 33. Bc3 b5 34. e3 Rb6 35. Bf1 b4 36. Bd4 Rc6 37. Bb5 Rcc8 38.
Rxa6 1-0

[Event "Lilla Elite Hotels Open 2024"]
[Site "Elite Stadshotellet, Kungsgatan 6, Vaxjo, Sweden"]
[Date "2024.02.10"]
[Round "6.2"]
[White "Mulato, Marvin"]
[Black "Nordin, Marcus"]
[Result "0-1"]
[TimeControl "15 minutes + 5 seconds per move from move one (Round 1 - 4) / 90 minutes + 30 seconds per move from move one (Round 5 - 8)"]
[WhiteFideId "1733702"]
[BlackFideId "1753444"]
[WhiteElo "1500"]
[BlackElo "1410"]

1. Nf3 Nf6 2. c4 e6 3. g3 b6 4. Bg2 Bb7 5. b3 Be7 6. O-O O-O 7. Bb2 c5 8. e3 d5 9. d4 Nc6 10.
Nbd2 Rc8 11. Qb1 Ba6 12. Re1 Re8 13. Ne5 Bd6 14. Nxc6 Rxc6 15. e4 dxe4 16. Nxe4 Rc7 17. Nxd6 Qxd6 18.
d5 Nd7 19. Qc2 b5 20. Rad1 Qb6 21. Qc3 Nf6 22. Qc2 exd5 23. Bxf6 Rxe1+ 24. Rxe1 gxf6 25. Re8+ Kg7 26. Bxd5 Rc8 27. Re7 Rc7 28. Re8 Rc8 29. Re4 Rg8 30. Rh4 h6 31. Qd2 Rh8 32. Rg4+ Kf8 33.
Rh4 Kg7 34. Qf4 Bc8 35. a3 bxc4 36. Bxc4 Qa5 37. Qe3 Qxa3 38. h3 Qa1+ 39. Kh2 Qe5 40. Re4 Qf5 41. g4 Qd7 42. Qxc5 Re8 43.
Rf4 Qe7 44. Qd4 Qe5 45. Qd2 0-1

[Event "Lilla Elite Hotels Open 2024"]
[Site "Elite Stadshotellet, Kungsgatan 6, Vaxjo, Sweden"]
[Date "2024.02.11"]
[Round "7.1"]
[White "Martin, Johannes"]
[Black "Viswanath, Rishi"]
[Result "1/2-1/2"]
[TimeControl "15 minutes + 5 seconds per move from move one (Round 1 - 4) / 90 minutes + 30 seconds per move from move one (Round 5 - 8)"]
[WhiteFideId "1742698"]
[BlackFideId "1774905"]
[WhiteElo "1483"]
[BlackElo "1541"]

1. e4 e6 2. Nf3 d5 3. exd5 exd5 4. d4 Bd6 5. Bg5 f6 6. Bh4 Bg4 7. Be2 Ne7 8. Nc3 c6 9. Bg3 Qc7 10.
Bxd6 Qxd6 11. Nh4 Bxe2 12. Qxe2 O-O 13. O-O Na6 14. Rfe1 Rfe8 15. Qh5 Qd7 16. Re2 g5 17. Nf3 Ng6 18.
Rae1 Rxe2 19. Nxe2 Re8 20. Ng3 Nc7 21. Rxe8+ Nxe8 22. Ne2 Qe6 23. Nd2 g4 24. Ng3 Ng7 25. Qh6 f5 26. Qe3 Qf6 27.
Ne2 f4 28. Qd3 Nf5 29. c4 Nfe7 30. cxd5 Nxd5 31. Qe4 Kf7 32. Nc4 Qe6 33. Ne5+ Kf6 1/2-1/2

[Event "Lilla Elite Hotels Open 2024"]
[Site "Elite Stadshotellet, Kungsgatan 6, Vaxjo, Sweden"]
[Date "2024.02.11"]
[Round "7.2"]
[White "Johansson, Sigge"]
[Black "Madevan Vaishnavi, Yaashvan"]
[Result "0-1"]
[TimeControl "15 minutes + 5 seconds per move from move one (Round 1 - 4) / 90 minutes + 30 seconds per move from move one (Round 5 - 8)"]
[WhiteFideId "1742612"]
[BlackFideId "1772180"]
[WhiteElo "1577"]
[BlackElo "1461"]

1. e4 c5 2. Nf3 g6 3. d4 cxd4 4. Nxd4 Nc6 5. Nc3 Bg7 6. Be3 Nf6 7. Bc4 O-O 8. f3 Qb6 9. Ncb5 a6 10.
Nf5 Qd8 11. Nh6+ Bxh6 12. Bxh6 axb5 13. Bxf8 Kxf8 14. Bxb5 Qa5+ 0-1

[Event "Lilla Elite Hotels Open 2024"]
[Site "Elite Stadshotellet, Kungsgatan 6, Vaxjo, Sweden"]
[Date "2024.02.11"]
[Round "8.1"]
[White "Viswanath, Rishi"]
[Black "Johansson, Stina"]
[Result "1-0"]
[TimeControl "15 minutes + 5 seconds per move from move one (Round 1 - 4) / 90 minutes + 30 seconds per move from move one (Round 5 - 8)"]
[WhiteFideId "1774905"]
[BlackFideId "1739026"]
[WhiteElo "1541"]
[BlackElo "1437"]

1. Nf3 Nf6 2. c4 g6 3. d4 Bg7 4. g3 O-O 5. Bg2 c6 6. O-O d5 7. Nc3 Bf5 8. Qb3 Qb6 9. Nh4 Qxb3 10.
axb3 Be4 11. Nxe4 Nxe4 12. Rd1 Nd7 13. f3 Nd6 14. e4 e6 15. e5 Nc8 16. f4 Ne7 17. Bd2 b6 18. Bc3 f6 19.
Bd2 h6 20. Nf3 c5 21. Bc3 Nf5 22. Re1 fxe5 23. fxe5 cxd4 24. Nxd4 Bxe5 25. Nxe6 Bxc3 26. bxc3 Rfc8 27. Bxd5 Ne7 28.
Bxa8 Rxa8 29. Nc7 Rc8 30. Rxe7 Rxc7 31. Rd1 b5 32. Rdxd7 Rxd7 33. Rxd7 bxc4 34. bxc4 Kf8 35. c5 Ke8 36.
Rd4 a5 37. c6 a4 38. c7 a3 39. c8=Q+ Ke7 40. Qc6 a2 41. Rd7+ Ke8 42. Qc8# 1-0

[Event "Lilla Elite Hotels Open 2024"]
[Site "Elite Stadshotellet, Kungsgatan 6, Vaxjo, Sweden"]
[Date "2024.02.11"]
[Round "8.2"]
[White "Madevan Vaishnavi, Yaashvan"]
[Black "Martin, Johannes"]
[Result "1-0"]
[TimeControl "15 minutes + 5 seconds per move from move one (Round 1 - 4) / 90 minutes + 30 seconds per move from move one (Round 5 - 8)"]
[WhiteFideId "1772180"]
[BlackFideId "1742698"]
[WhiteElo "1461"]
[BlackElo "1483"]

1. e4 e5 2. Nf3 Nc6 3. d4 exd4 4.
Bc4 Bc5 5. c3 dxc3 6. Bxf7+ Kxf7 7. Qd5+ Kf8 8. Qxc5+ Qe7 9. Qxe7+ Ngxe7 10. Nxc3 h6 11. Nb5 a6 12. Nxc7 Ra7 13.
Be3 b6 14. Nd5 Nxd5 15. exd5 Ne7 16. Bxb6 Rb7 17. Bc5 Rxb2 18. Nh4 Kf7 19. Bxe7 Re8 20. d6 Bb7 21. O-O g5 22. Nf5 h5 23.
Bxg5 Kg6 24. Bc1 1-0